 Dungeon Crawl Stone Soup version 0.31-a0-844-gdc52ec4e09 (webtiles) character file.

Game seed: 9906091024728900745

863 CrazyBamboolord the Shield-Bearer (level 8, -1/55 (64) HPs)
             Began as a Formicid Fighter on Sept 28, 2023.
             Was an Initiate of Okawaru.
             Slain by a wight
             ... wielding a +4 long sword
              (11 damage)
             ... on level 6 of the Dungeon.
             The game lasted 00:09:06 (4220 turns).

CrazyBamboolord the Shield-Bearer (FoFi)            Turns: 4220, Time: 00:09:06

HP:   -1/55 (64)    AC: 13    Str: 23    XL:     8   Next: 23%
MP:   8/8           EV:  6    Int:  8    God:    Okawaru [......]
Gold: 303           SH:  6    Dex: 19    Spells: 7/7 levels left

rFire   . . .        a - +1 trident
rCold   . . .        c - +0 buckler
rNeg    . . .        o - +0 plate armour
rPois   .            (helmet unavailable)
rElec   .            (no cloak)
rCorr   .            (no gloves)
SInv    +            l - +0 pair of boots
Will    .....        (no amulet) Stlth
                     u - +6 ring of dexterity
HPRegen 0.29/turn    (no ring)
MPRegen 0.11/turn

%: no passive effects
@: heavily drained
A: permanent stasis, dig shafts and tunnels, antennae 3, four strong arms
a: Dig, Shaft Self, Renounce Religion


You were on level 6 of the Dungeon.
You worshipped Okawaru.
Okawaru was noncommittal.
You visited 2 branches of the dungeon, and saw 7 of its levels.
You also visited: Sewer.

You collected 303 gold pieces.

Inventory:

Hand Weapons
 a - a +1 trident (weapon)
Armour
 c - a +0 buckler (worn)
 l - a +0 pair of boots (worn)
 o - a +0 plate armour (worn)
Jewellery
 u - a +6 ring of dexterity (left hand)
Scrolls
 e - 3 scrolls of fog
 f - 2 scrolls of vulnerability
 i - a scroll of teleportation
 j - a scroll of noise
 k - a scroll of enchant weapon
 q - a scroll of revelation {unknown}
 s - a scroll of immolation
 t - a scroll of poison
Potions
 b - 2 potions of lignification {unknown}
 d - a potion of might
 g - a potion of mutation {unknown}
 h - a potion of heal wounds
 m - a potion of enlightenment {unknown}
 n - 2 potions of cancellation {unknown}
 p - a potion of degeneration {unknown}
 r - a potion of berserk rage {unknown}


   Skills:
 * Level 5.8 Fighting
 * Level 4.7 Polearms
 * Level 5.8 Armour
 * Level 6.9 Shields
 + Level 0.3 Invocations


You had 7 spell levels left.
You didn't know any spells.
Your spell library contained the following spells:

 Spells                   Type           Power      Damage    Failure   Level
 Lesser Beckoning         Tloc           0%         N/A       100%        2
 Momentum Strike          Conj/Tloc      0%         3d8       100%        2
 Sublimation of Blood     Necr           0%         N/A       100%        2
 Wereblood                Tmut           0%         N/A       100%        2
 Borgnjor's Revivificati  Necr           0%         N/A       100%        8
 Death's Door             Necr           0%         N/A       100%        9
 Blink                    Tloc           Unusable   N/A       N/A         2
 Haunt                    Necr/Summ      Unusable   N/A       N/A         7
 Summon Hydra             Summ           Unusable   N/A       N/A         7

Dungeon Overview and Level Annotations

Branches:
Dungeon (6/15)             Temple (1/1) D:5           Sewer (visited)

Altars:
Ashenzari
Dithmenos
Fedhas
Gozag
Hepliaklqana
Kikubaaqudgha
Nemelex Xobeh
Okawaru
Qazlal
Ru
Sif Muna
Trog
Uskayaw
Vehumet
Wu Jian
Xom
Yredelemnul
Zin
The Shining One

Shops:
D:1 *


Innate Abilities, Weirdness & Mutations

You cannot be hasted, slowed, berserked, paralysed or teleported.
You can dig through walls and to a lower floor.
You have a pair of large antennae on your head. (SInv)
Your four strong arms can wield two-handed weapons with a shield.


Message History

There is an open door here.
Found a stone staircase leading up.
Found a granite talisman.
A wight comes into view. It is wielding a +4 long sword.
The wight moves out of view. 2 wights come into view.
You hit the wight but do no damage. You block the wight's attack.
You closely miss the wight.
The wight hits you with a +4 long sword.
You barely miss the wight.
The wight hits you with a +4 long sword!
You feel drained.
You hit the wight.
The wight is lightly damaged.
You block the wight's attack. The wight barely misses you. x2
The wight hits you with a +4 long sword!
You puncture the wight!
The wight is severely damaged.
The wight hits you with a +3 long sword.
You feel drained. The wight barely misses you.
The wight hits you but does no damage.
You barely miss the wight.
The wight is severely damaged.
The wight hits you with a +3 long sword!
You feel drained. The wight barely misses you.
The wight hits you but does no damage.
You hit the wight.
The wight is severely damaged.
The wight hits you but does no damage. x2
The wight hits you with a +4 long sword!
You feel drained.
You are too injured to fight recklessly!
Unknown command.
The wight hits you with a +3 long sword!
* * * LOW HITPOINT WARNING * * *
You feel drained.
* * * LOW HITPOINT WARNING * * *
The wight attacks as it pursues you!
The wight hits you with a +4 long sword!
You die...

#....##..'..........#
###+###..#.........##
>.......#.........#
........#.........#
........#....######
........##...# ...##..
........##...##.......
......................
............@.........
........##.zz##.......
....##..##..<# ..%....
#. #z..# ...##..
.....# +### . ......+
#..##...# #.. #...# #.
.....


You could see 3 wights.

Vanquished Creatures
  Pargi (Sewer)
  An ogre (D:4)
  A phantom (D:5)
  A scorpion (D:5)
  5 killer bees (D:5)
  2 hounds (D:4)
  2 jellies
  An orc priest (D:4)
  7 adders
  An ufetubus (D:4)
  2 worms
  2 dart slugs
  6 orcs
  4 ball pythons
  7 bats
  6 endoplasms
  4 giant cockroaches
  11 goblins
  4 hobgoblins
  2 jackals (Sewer)
  8 quokkas
  6 frilled lizards
  6 kobolds
  6 rats
96 creatures vanquished.

Notes
Turn   | Place    | Note
-------+----------+-------------------------------------------
     0 | D:1      | CrazyBamboolord the Formicid Fighter began the quest for
                  | the Orb.
     0 | D:1      | Reached XP level 1. HP: 18/18 MP: 1/1
   130 | D:1      | Reached XP level 2. HP: 24/24 MP: 2/2
   183 | D:1      | Found Alioquor's Assorted Antiques.
   197 | D:1      | Found a faded altar of an unknown god.
   680 | D:1      | Reached XP level 3. HP: 29/29 MP: 3/3
   995 | D:2      | Reached XP level 4. HP: 16/37 MP: 4/4
  1439 | D:3      | Identified the +2 short sword "Secret Weapon" {drain, rCorr
                  | Str-4 Int+7}
  1635 | D:3      | Reached XP level 5. HP: 29/42 MP: 5/5
  2000 | D:3      | Identified the +1 sling of Discord {heavy, Drain MP+9
                  | Dex+5}
  2005 | D:3      | Found a stormy altar of Qazlal.
  2083 | D:3      | Found a blossoming altar of Fedhas.
  2188 | D:4      | Reached skill level 5 in Shields
  2505 | D:4      | Reached XP level 6. HP: 26/49 MP: 6/6
  2744 | D:4      | Noticed an ogre
  2750 | D:4      | Killed an ogre
  3047 | D:5      | Entered Level 5 of the Dungeon
  3148 | D:5      | Found a glowing drain.
  3182 | Sewer    | Entered a sewer
  3240 | Sewer    | Noticed Pargi
  3253 | Sewer    | Killed Pargi
  3254 | Sewer    | Reached skill level 5 in Fighting
  3254 | Sewer    | Reached skill level 5 in Armour
  3254 | Sewer    | Reached skill level 6 in Shields
  3254 | Sewer    | Reached XP level 7. HP: 45/56 MP: 7/7
  3366 | D:5      | Found an ornate altar of the Wu Jian Council.
  3709 | D:5      | Reached XP level 8. HP: 63/63 MP: 8/8
  3799 | D:5      | Found a staircase to the Ecumenical Temple.
  3811 | Temple   | Entered the Ecumenical Temple
  3964 | D:5      | Found an iron altar of Okawaru.
  3991 | D:5      | Became a worshipper of Warmaster Okawaru
  4220 | D:6      | Slain by a wight

Illustrated notes

Levels and vault maps discovered:
D:1:      sevenhm_arrival_forest_fort_small_4, layout_basic, serial_shops, shop,
          hellmonk_ecumenical_altar_zigzags, minmay_cupped
D:2:      layout_rooms, minmay_octomino_j4
D:3:      layout_basic, pf_just_have_faith, mainiacjoe_overflow_tiny_flanked
D:4:      layout_basic
D:5:      layout_basic, okawaru_metal_pillars_1_2, nicolae_wu_jian_wuxing_cycle,
          temple_statues, portal_sewer_entry_f
D:6:      layout_gridville, minmay_checkerbox
Temple:   nicolae_temple_bog_church

Skill      XL: |  1  2  3  4  5  6 |
---------------+-------------------+-----
Fighting       | 4 5 |  5.8
Polearms       | 3 4 |  4.7
Armour         | 4 5 |  5.8
Shields        | 5 6 |  6.9
Invocations    | |  0.3

Action                     |  1- 3 |  4- 6 |  7- 9 || total
---------------------------+-------+-------+-------++-------
  Melee: Trident           |   100 |   185 |    72 ||   357
Ability: Dig               |     1 |       |       ||     1
    Use: Scroll            |       |     8 |     1 ||     9
         Potion            |       |       |     6 ||     6
 Armour: Scale mail        |    56 |    20 |       ||    76
         Plate armour      |       |   101 |    88 ||   189
  Dodge: Dodged            |    41 |    48 |    24 ||   113
  Block: Buckler           |    25 |    39 |    27 ||    91

Table legend: (Time is in decaauts)
 A = Elapsed time spent in this place.
 B = Non-inter-level travel time spent in this place.
 C = Inter-level travel time spent in this place.
 D = Time resting spent in this place.
 E = Time spent auto-exploring this place.
 F = Levels seen in this place.
 G = Mean time per level.
                   A        B        C        D        E       F      G
               +--------+--------+--------+--------+--------+-----+--------+
         Total |   4296 |   4167 |    129 |    185 |   3018 |   8 |  537.0 |
       Dungeon |   4146 |   4017 |    129 |    185 |   2945 |   6 |  691.0 |
        Temple |      1 |      1 |      0 |      0 |      0 |   1 |    1.0 |
         Sewer |    148 |    148 |      0 |      0 |     73 |   1 |  148.0 |
               +--------+--------+--------+--------+--------+-----+--------+

Top non-repeatable levels by time:
     D:5: 1010 daAuts
     D:4: 919 daAuts
     D:1: 875 daAuts
     D:3: 758 daAuts
     D:2: 541 daAuts
   Sewer: 148 daAuts
     D:6: 42 daAuts
  Temple: 1 daAuts
